 Dungeon Crawl Stone Soup version 0.31-a0-214-gb37851dbb3 (webtiles) character file.

Game seed: 4493309993234002722

118 qw the Shooter (level 4, -1/36 HPs)
             Began as a Minotaur Hexslinger on July 1, 2023.
             Slain by Grinder (4 damage)
             ... on level 3 of the Dungeon.
             The game lasted 00:00:40 (1945 turns).

qw the Shooter (Minotaur Hexslinger)                Turns: 1945, Time: 00:00:40

Health: -1/36      AC:  5    Str: 12 (13) XL:     4   Next: 72%
Magic:  0/4        EV: 11    Int:  9 (10) God:
Gold:   66         SH:  0    Dex: 14      Spells: 4/5 levels left

rFire   . . .        Y - +1 sling (freeze)
rCold   . . .        (no shield)
rNeg    . . .        b - +0 ring mail
rPois   .            (helmet restricted)
rElec   .            (no cloak)
rCorr   .            (no gloves)
SInv    .            (no boots)
Will    .....        j - amulet of guardian spirit
Stlth   +            (no ring)
HPRegen 0.26/turn    (no ring)
MPRegen 0.09/turn

%: guardian spirit
@: no status effects
A: horns 2, retaliatory headbutt
a: no special abilities


You were on level 3 of the Dungeon.
You visited 1 branch of the dungeon, and saw 3 of its levels.

You collected 106 gold pieces.
You spent 40 gold pieces at shops.


Innate Abilities, Weirdness & Mutations

You have a pair of horns on your head.
You reflexively headbutt those who attack you in melee.


   Skills:
 - Level 2.0 Fighting
 + Level 4.7 Ranged Weapons
 - Level 2.2 Armour
 - Level 2.1 Dodging
 - Level 1.0 Spellcasting
 - Level 2.0 Hexes


You had 4 spell levels left.
You knew the following spells:

 Your Spells              Type           Power      Damage    Failure   Level
a - Slow                  Hex            16%        N/A       34%         1

Your spell library contained the following spells:

 Spells                   Type           Power      Damage    Failure   Level
 Inner Flame              Hex/Fire       2%         N/A       85%         3
 Portal Projectile        Hex/Tloc       4%         N/A       85%         3
 Cause Fear               Hex            2%         N/A       98%         4

Inventory:

Hand Weapons
 Y - a +1 sling of freezing (weapon)
Armour
 a - a +3 leather armour
 b - a +0 ring mail (worn)
Jewellery
 j - an amulet of guardian spirit (around neck)
Potions
 d - a potion of enlightenment {unknown}
 k - a potion of might {unknown}

Dungeon Overview and Level Annotations

Branches:
Dungeon (3/15)

Altars:
Hepliaklqana
Vehumet

Shops:
D:2 [

Annotations:
D:3 Grinder, Robin


Message History

Robin hits you from afar with a +0 spear.
You shoot a sling bullet. The sling bullet hits the ball python.
The ball python seems to slow down.
The sling bullet freezes the ball python.
The ball python is severely wounded.
The hobgoblin no longer looks unusually strong.
The ball python bites you but does no damage.
The ball python constricts you. The goblin closely misses you.
Robin roars a battlecry!
The hobgoblin goes into a battle-frenzy!
You shoot a sling bullet. The sling bullet hits the ball python!
The sling bullet freezes the ball python.
You kill the ball python!
The goblin no longer looks unusually strong.
Robin throws the goblin at you! The goblin closely misses you.
You furiously retaliate!
You headbutt the goblin, but do no damage.
You feel your dexterity returning.
You shoot a sling bullet. The sling bullet hits the goblin.
The sling bullet freezes the goblin.
The goblin is severely wounded.
Robin says, "Kneel, worm!"
Robin roars a battlecry!
The goblin goes into a battle-frenzy!
The goblin misses you. Robin misses you. The goblin closely misses you.
You shoot a sling bullet. The sling bullet misses the goblin.
Robin hits you but does no damage. The goblin closely misses you.
Grinder gestures at you. Pain shoots through your body!
You shoot a sling bullet.
The sling bullet closely misses the goblin.
Robin barely misses you. Grinder misses you. The goblin closely misses you.
You furiously retaliate!
You headbutt the goblin.
You kill the goblin!
You shoot a sling bullet.
The sling bullet closely misses Grinder.
The sling bullet hits the hobgoblin.
The sling bullet freezes the hobgoblin.
You kill the hobgoblin!
Grinder hits you.
You die...

###.##### #..........##.
#.# #.#.#.....###. #.#
#.#>...#.## #. #.#
#.###....# #. ###.#
##.###!#######. (...
#............#. #..
#.#.##..#.##.#.
.##...####.#.##.........
.....)5@)#.#.....#.#<.##
.#.#.g##).............##
#) ###.......#.#.#>. ..
###.........#.# #.
#...#######.# # #...#
#...# #...# #.... #...#
#.... ...######...


You could see Grinder and Robin.

Vanquished Creatures
  Ijyb (D:3)
  Natasha (D:2)
  2 worms (D:2)
  3 bats
  4 endoplasms
  A giant cockroach (D:1)
  13 goblins
  8 hobgoblins
  8 jackals (D:1)
  A quokka (D:3)
  8 ball pythons
  5 frilled lizards
  A kobold (D:1)
  2 rats
58 creatures vanquished.

Notes
Turn   | Place    | Note
-------+----------+-------------------------------------------
     0 | D:1      | qw the Minotaur Hexslinger began the quest for the Orb.
     0 | D:1      | Reached XP level 1. HP: 16/16 MP: 1/1
     0 | D:1      | 0 ||| qw: Version: 0.3-a-32-g5962c71
     0 | D:1      | 0 ||| qw: Game counter: 7451
     0 | D:1      | 0 ||| qw: Melee chars always use a shield: true
     0 | D:1      | 0 ||| qw: God list: Okawaru
     0 | D:1      | 0 ||| qw: Allow faded altars: false
     0 | D:1      | 0 ||| qw: Do Orc after clearing Dungeon:15 true
     0 | D:1      | 0 ||| qw: Do second Lair branch before Depths: true
     0 | D:1      | 0 ||| qw: Lair rune preference: random
     0 | D:1      | 0 ||| qw: Goals: Normal
     0 | D:1      | 0 ||| PLANNING D:1-11
   100 | D:1      | Reached skill level 3 in Ranged Weapons
   104 | D:1      | Reached XP level 2. HP: 14/23 MP: 2/2
   422 | D:1      | Reached XP level 3. HP: 29/29 MP: 3/3
   676 | D:1      | 676 ||| UPGRADING to +0 leather armour.
   686 | D:1      | 686 ||| DROPPING +0 robe.
   687 | D:1      | 687 ||| UPGRADING to amulet of guardian spirit.
   692 | D:1      | 692 ||| READING scroll labelled XOAKUI ASCHAST.
   793 | D:1      | 793 ||| READING scroll labelled XAOZUIDOUSS.
   796 | D:1      | 796 ||| READING scroll labelled HINTUQ IXKY.
   797 | D:1      | 797 ||| READING scroll labelled VYFOAK PEBUNNE.
   798 | D:1      | 798 ||| DROPPING scroll of poison.
  1000 | D:2      | Found Jynioteafo's Armour Emporium.
  1009 | D:2      | 1009 ||| BUYING +0 ring mail (40 gold).
  1009 | D:2      | Bought a +0 ring mail for 40 gold pieces
  1104 | D:2      | You fall into a shaft and drop 1 floor!
  1106 | D:3      | 1106 ||| UPGRADING to +0 ring mail.
  1116 | D:3      | 1116 ||| DROPPING +0 leather armour.
  1117 | D:3      | 1117 ||| DRINKING 2 red potions.
  1118 | D:3      | 1118 ||| DROPPING potion of degeneration.
  1170 | D:2      | Found a hazy altar of Hepliaklqana.
  1176 | D:2      | Reached skill level 4 in Ranged Weapons
  1662 | D:3      | Noticed Natasha
  1666 | D:3      | 1666 ||| STAIRDANCE
  1672 | D:2      | Killed Natasha
  1673 | D:2      | Reached XP level 4. HP: 26/36 MP: 4/4
  1734 | D:3      | Found a radiant altar of Vehumet.
  1784 | D:3      | Noticed Ijyb
  1798 | D:3      | Paralysed by Ijyb for 4 turns
  1808 | D:3      | Killed Ijyb
  1927 | D:3      | Noticed Robin
  1932 | D:3      | Noticed Grinder
  1943 | D:3      | HP: 3/36 [Grinder/nerve-wracking pain (13)]
  1945 | D:3      | Slain by Grinder

Levels and vault maps discovered:
D:1:      mrwooster_arrival_statue_2, layout_basic, roderic_lattice_a,
          minmay_fountain_box
D:2:      layout_basic, serial_shops, shop, basic_altar
D:3:      layout_loops_cross, mainiacjoe_overflow_small_starburst, uniq_robin,
          uniq_terence, uniq_ijyb, uniq_grinder, uniq_natasha

Skill      XL: |  1  2  3 |
---------------+----------+-----
Ranged Weapons | 3 4 |  4.7
Fighting       | 2 |  2.0
Armour         | 2 |  2.2
Dodging        | |  2.1
Spellcasting   | |  1.0
Hexes          | |  2.0

Action                     |  1- 3 |  4- 6 || total
---------------------------+-------+-------++-------
   Fire: Sling             |   110 |    49 ||   159
    Use: Scroll            |     4 |       ||     4
         Potion            |     1 |       ||     1
 Armour: Robe              |     9 |       ||     9
         Ring mail         |     2 |    20 ||    22
  Dodge: Dodged            |    44 |    41 ||    85

Table legend:
 A = Non-vault XP
 B = Vault XP
 C = Vault XP percentage of total XP
 D = Non-vault monster count
 E = Vault monster count
 F = Vault count percentage of total count
                 A         B        C        D         E       F
            +---------+---------+-------+---------+---------+-------
      Total |      79 |      92 |  53.8 |      44 |      14 |  24.1
            +---------+---------+-------+---------+---------+-------
        D:1 |      47 |       0 |   0.0 |      28 |       0 |   0.0
        D:2 |      24 |      35 |  59.3 |      11 |       1 |   8.3
        D:3 |       8 |      57 |  87.7 |       5 |      13 |  72.2
            +---------+---------+-------+---------+---------+-------
